 Dungeon Crawl Stone Soup version 0.32-a0-909-gc671339a80 (webtiles) character file.

Game seed: 8384463485353519818

66554 sleeves the Champion of Chaos (level 14, -3/124 HPs)
             Began as a Mountain Dwarf Gladiator on Apr 6, 2024.
             Was the Champion of Makhleb.
             Slain by a two-headed ogre
             ... wielding a +0 giant club
              (7 damage)
             ... on level 1 of the Orcish Mines.
             The game lasted 00:48:30 (19601 turns).

sleeves the Champion of Chaos (MDGl)               Turns: 19601, Time: 00:48:30

Health: -3/124     AC: 21    Str: 22    XL:     14   Next: 79%
Magic:  28/28      EV: 11    Int:  9    God:    Makhleb [******]
Gold:   1455       SH:  5    Dex: 11    Spells: 13/13 levels left

rFire   . . .        O - +3 broad axe (vamp)
rCold   . . .        L - +0 buckler
rNeg    . . .        f - +1 swamp dragon scales "Galatsuf" {rElec rPois rCorr}
rPois   +            j - +1 helmet {SInv}
rElec   +            M - +0 cloak
rCorr   +            (no gloves)
SInv    +            P - +0 pair of boots
Will    ++...        I - amulet of regeneration
Stlth   +            Y - ring of willpower
HPRegen 1.20/turn    T - +4 ring of protection
MPRegen 0.21/turn

%: no passive effects
@: no status effects
A: runic magic, artefact enchanting
a: Renounce Religion, Minor Destruction, Lesser Servant of Makhleb, Major
Destruction, Greater Servant of Makhleb


You were on level 1 of the Orcish Mines.
You worshipped Makhleb.
Makhleb was exalted by your worship.
You visited 3 branches of the dungeon, and saw 20 of its levels.
You also visited: Sewer, Bailey and Gauntlet.

You collected 1455 gold pieces.

Inventory:

Hand Weapons
 J - a +4 scimitar of flaming
   (You took it off Erica on level 8 of the Dungeon)
 O - a +3 vampiric broad axe (weapon)
   (You found it in a bailey)
Missiles
 d - 4 throwing nets
 e - 4 javelins
 B - 5 curare-tipped darts
 Z - 6 silver javelins
Armour
 f - the +1 swamp dragon scales "Galatsuf" (worn) {rElec rPois rCorr}
   (You found it in a bailey)

   rElec:     It insulates you from electricity.
   rPois:     It protects you from poison.
   rCorr:     It protects you from acid and corrosion.
 j - a +1 helmet of see invisible (worn)
   (You found it on level 1 of the Dungeon)
 p - +1 fire dragon scales
   (You found it in a bailey)
 L - a +0 buckler (worn)
   (You took it off a gnoll sergeant on level 9 of the Dungeon)
 M - a +0 cloak (worn)
   (You found it on level 9 of the Dungeon)
 P - a +0 pair of boots (worn)
   (You found it on level 3 of the Lair of Beasts)
Jewellery
 z - a ring of protection from fire
   (You found it on level 4 of the Dungeon)
 I - an amulet of regeneration (around neck)
   (You took it off Erica on level 8 of the Dungeon)
 S - a ring of poison resistance
   (You found it on level 11 of the Dungeon)
 T - a +4 ring of protection (right hand)
   (You found it on level 3 of the Lair of Beasts)
 W - an amulet of reflection
   (You found it on level 4 of the Lair of Beasts)
 Y - a ring of willpower (left hand)
   (You found it in a Gauntlet)
Wands
 o - a wand of acid (5)
   (You took it off Maurice on level 1 of the Orcish Mines)
 u - a wand of warping (19)
   (You found it on level 4 of the Dungeon)
 F - a wand of mindburst (10)
   (You found it on level 11 of the Dungeon)
 K - a wand of digging (2)
   (You found it on level 2 of the Lair of Beasts)
 U - a wand of flame (5)
   (You found it on level 12 of the Dungeon)
Scrolls
 a - a scroll of butterflies
 b - 2 scrolls of poison
 g - 8 scrolls of teleportation
 q - a scroll of torment
 r - 2 scrolls of blinking
 s - 4 scrolls of vulnerability
 x - a scroll of fear
 y - a scroll of silence
 D - a scroll of noise
 Q - 2 scrolls of revelation
 R - 2 scrolls of amnesia
 V - 3 scrolls of immolation
Potions
 c - 4 potions of invisibility
 h - 4 potions of might
 i - 3 potions of magic {unknown}
 k - 3 potions of ambrosia {unknown}
 l - 8 potions of heal wounds
 m - a potion of berserk rage {unknown}
 n - 8 potions of mutation
 t - a potion of attraction
 v - 3 potions of lignification {unknown}
 w - 2 potions of enlightenment {unknown}
 A - 5 potions of resistance {unknown}
 C - a potion of experience {unknown}
 E - 4 potions of curing
 G - 3 potions of haste {unknown}
 H - 6 potions of brilliance {unknown}
 N - a potion of cancellation {unknown}
Miscellaneous
 X - a condenser vane
   (You found it on level 4 of the Lair of Beasts)


   Skills:
 + Level 11.0 Fighting
 - Level 16.0 Axes
 - Level 1.5 Throwing
 + Level 11.0 Armour
 + Level 3.9 Dodging
 + Level 7.7 Shields
 - Level 21.0 Invocations


You had 13 spell levels left.
You didn't know any spells.
Your spell library contained the following spells:

 Spells                   Type           Power      Damage    Failure   Level
 Blink                    Tloc           0%         N/A       61%         2
 Cigotuvi's Dreadful Rot  Necr/Alch/Air  0%         N/A       61%         2
 Jinxbite                 Hex            0%         N/A       61%         2
 Lesser Beckoning         Tloc           0%         N/A       61%         2
 Momentum Strike          Conj/Tloc      0%         3d8       61%         2
 Dazzling Flash           Conj/Hex       0%         N/A       83%         3
 Inner Flame              Hex/Fire       0%         N/A       83%         3
 Maxwell's Portable Pile  Tloc           0%         2d(5-13)  83%         3
 Mephitic Cloud           Conj/Alch/Air  0%         N/A       83%         3
 Stone Arrow              Conj/Erth      0%         3d7       83%         3
 Teleport Other           Tloc           0%         N/A       83%         3
 Animate Armour           Summ/Erth      0%         N/A       99%         4
 Brom's Barrelling Bould  Conj/Erth      0%         2d3       99%         4
 Ignite Poison            Fire/Alch      0%         N/A       99%         4
 Leda's Liquefaction      Alch/Erth      0%         N/A       99%         4
 Summon Lightning Spire   Summ/Air       0%         N/A       99%         4
 Curse of Agony           Necr           0%         N/A       100%        5
 Fireball                 Conj/Fire      0%         3d3       100%        5
 Freezing Cloud           Conj/Ice/Air   0%         6-21      100%        5
 Irradiate                Conj/Alch      0%         3d11      100%        5
 Iskenderun's Battlesphe  Conj           0%         2d6       100%        5
 Lee's Rapid Deconstruct  Erth           0%         3d4*      100%        5
 Silence                  Hex/Air        0%         N/A       100%        5
 Yara's Violent Unravell  Hex/Alch       0%         3d3       100%        5
 Bombard                  Conj/Erth      0%         9d1       100%        6
 Conjure Ball Lightning   Conj/Air       0%         3x3d6     100%        6
 Permafrost Eruption      Ice/Erth       0%         2x4d1     100%        6
 Enfeeble                 Hex            0%         N/A       100%        7
 Orb of Destruction       Conj           0%         9d5       100%        7
 Spellforged Servitor     Conj/Summ      0%         N/A       100%        7
 Ignition                 Fire           0%         3d3       100%        8
 Lehudib's Crystal Spear  Conj/Erth      0%         10d2      100%        8


Dungeon Overview and Level Annotations

Branches:
Dungeon (13/15)            Temple (0/1) D:5            Lair (5/5) D:8
  Swamp (0/4) Lair:3       Spider (0/4) Lair:3          Orc (2/2) D:12
  Sewer (visited)          Bailey (visited)         Gauntlet (visited)
  Slime: Lair:4-5       Elf: Orc:2       Vaults: D:13-14

Altars:
Cheibriados
Gozag
Hepliaklqana
Makhleb
Nemelex Xobeh
Ru
Vehumet
Yredelemnul
Zin
The Shining One
Jiyva

Shops:
D:5 *

Annotations:
D:10 3 runed translucent doors, exclusion: ice statue
D:11 3 runed translucent doors, Watselic's ghost, journeyman TeRe
Lair:1 1 runed translucent door, ratmeat3's ghost, journeyman OpFi
Lair:3 2 transporters, exclusion: 2 ice statues, wally255's ghost, journeyman TrFi
Lair:4 exclusion: 2 oklob plants


Innate Abilities, Weirdness & Mutations

Your spellcasting is much less encumbered by armour.
You can use scrolls of enchantment on lesser artefacts.


Message History

The orc warrior goes into a battle-frenzy!
The orc knight roars a battlecry!
An orc priest comes into view. It is wielding a +0 club.
There is a stone staircase leading down here.
The orc knight roars a battlecry!
You start waiting.
An orc knight is nearby!
You hit the orc knight but do no damage.
You slash the orc knight!
The orc knight is lightly wounded.
The orc knight hits you but does no damage.
You barely miss the orc knight.
The orc knight is lightly wounded.
You hit the orc knight.
The orc knight is moderately wounded.
You hit the orc warrior. The orc knight completely misses you.
The orc warrior hits you with a +0 mace.
You hit the orc knight.
You feel better.
The orc knight is moderately wounded.
You closely miss the orc warrior.
The orc knight hits you with a +2 dire flail!
The orc warrior hits you with a +0 mace.
You barely miss the orc knight.
The orc knight is moderately wounded.
You barely miss the orc warrior. You hit the orc knight.
You feel better.
The orc knight is heavily wounded.
You closely miss the orc warrior.
The orc knight hits you with a +2 dire flail.
The orc warrior hits you but does no damage.
You hit the orc knight.
You feel better.
The orc knight is heavily wounded.
You hit the orc warrior but do no damage.
The orc knight hits you with a +2 dire flail.
The orc warrior hits you but does no damage.
You closely miss the orc knight.
The orc knight is heavily wounded.
You hit the orc warrior.
You feel better.
The orc knight roars a battlecry!
The orc warrior goes into a battle-frenzy!
The orc warrior barely misses you.
You slash the orc knight!
You feel better.
The orc knight is severely wounded.
You slash the orc warrior!
The orc knight hits you with a +2 dire flail.
The orc warrior hits you with a +0 mace!
You closely miss the orc knight.
The orc knight is severely wounded.
You slice the orc warrior!!
You feel better.
You kill the orc warrior!
Makhleb accepts your kill.
You feel better.
The orc knight hits you with a +2 dire flail.
You hit the orc knight but do no damage.
The orc knight is severely wounded.
You slash the orc knight!
The orc knight is almost dead.
You hit the orc priest but do no damage.
The orc knight hits you with a +2 dire flail!
The orc priest closely misses you.
You barely miss the orc knight.
The orc knight is almost dead.
You slash the orc priest!
The orc knight hits you with a +2 dire flail.
You block the orc priest's attack.
You hit the orc knight but do no damage.
The orc knight is almost dead.
You barely miss the orc priest.
The orc knight hits you with a +2 dire flail.
The orc priest mumbles some strange prayers to Beogh against you.
Beogh smites you!
You slash the orc knight!
You kill the orc knight!
Makhleb accepts your kill.
You feel better.
You slash the orc priest!
You feel better.
You kill the orc priest!
Makhleb accepts your kill.
You feel better.
No target in view!
No target in view!
No target in view!
No target in view!
No target in view!
No target in view!
No target in view!
No target in view!
No target in view!
No target in view!
No target in view!
No target in view!
An orc comes into view. It is wielding a +0 short sword.
An orc is nearby!
The orc shouts!
You slash the orc!
You feel better.
You kill the orc!
Makhleb accepts your kill.
You feel better.
No target in view!
No target in view!
No target in view!
No target in view!
No target in view!
No target in view!
Search for what [Enter for "shield", or ? for help]? armor HP restored.
Things that are here:
a +2 dire flail; a +0 chain mail; an orc corpse
Items here: ))) [[ †.
Found a stone staircase leading down.
An orc comes into view. It is wielding a +0 whip.
The orc shouts!
You hear a shout!
An orc is nearby!
An orc warrior and 2 orcs come into view.
The orc shouts! x2
You closely miss the orc.
The orc warrior hits you but does no damage.
The orc hits you but does no damage.
You slice the orc!!
You kill the orc!
Makhleb accepts your kill.
The orc warrior hits you from afar with a +0 trident.
You completely miss the orc. You hit the orc.
You feel better. The orc warrior barely misses you. The orc closely misses you.
The orc hits you but does no damage.
You slice the orc!!
You kill the orc!
Makhleb accepts your kill.
You hit the orc. The orc warrior closely misses you.
The orc closely misses you.
You hit the orc but do no damage.
The orc is moderately wounded.
You slash the orc!
You kill the orc!
Makhleb accepts your kill.
The orc warrior hits you but does no damage.
The orc warrior hits you but does no damage.
Things that are here:
a +0 dagger; a +0 whip; an orc corpse You closely miss the orc warrior.
The orc warrior barely misses you.
You hit the orc warrior but do no damage.
The orc warrior barely misses you.
You closely miss the orc warrior. The orc warrior closely misses you.
You slash the orc warrior!
The orc warrior is moderately wounded.
The orc warrior hits you but does no damage.
You slash the orc warrior!
The orc warrior is almost dead.
You barely miss the orc warrior.
The orc warrior is almost dead.
The orc warrior hits you but does no damage.
You slash the orc warrior!
You kill the orc warrior!
Makhleb accepts your kill.
No target in view!
No target in view!
No target in view!
No target in view!
No target in view!
No target in view!
Things that are here:
a +0 dagger; a +0 whip; an orc corpse An orc warrior is nearby!
An orc warrior is nearby!
An orc warrior is nearby!
The orc warrior shouts!
You hear a shout!
An orc comes into view. It is wielding a +0 club.
The orc shouts!
You barely miss the orc warrior.
The orc warrior hits you but does no damage.
You hit the orc warrior.
The orc warrior is moderately wounded.
An orc wizard comes into view. It is wielding a +0 dagger.
The orc warrior hits you with a +0 hand axe!
The orc wizard shouts!
You slash the orc warrior!
You feel better.
The orc warrior is severely wounded.
You block the orc warrior's attack.
You closely miss the orc warrior.
The orc warrior is severely wounded.
You slice the orc warrior!!
You kill the orc warrior!
Makhleb accepts your kill. You block the orc's attack.
Items here: $ ) [ †.
You hit the orc but do no damage. You block the orc's attack.
You closely miss the orc wizard. You hit the orc but do no damage.
The orc hits you but does no damage.
The orc wizard hits you but does no damage.
You closely miss the orc wizard. You closely miss the orc.
You block the orc's attack. You block the orc wizard's attack.
You barely miss the orc wizard. You barely miss the orc.
The orc closely misses you. You block the orc wizard's attack.
You slash the orc wizard!
You kill the orc wizard!
Makhleb accepts your kill.
You barely miss the orc. You block the orc's attack.
You barely miss the orc. You closely miss the orc. The orc barely misses you.
You slash the orc!
You kill the orc!
Makhleb accepts your kill.
No target in view!
No target in view!
You now have 1314 gold pieces (gained 41).
Things that are here:
a +0 hand axe; a +0 chain mail; an orc corpse
Things that are here:
a +0 club; a +0 scale mail You now have 1324 gold pieces (gained 10).
You now have 1334 gold pieces (gained 10).
Fannar the Cold-Hearted comes into view.
They are wielding a +0 quarterstaff of freezing and wearing a +1 robe of cold resistance.
Fannar shouts!
Fannar says, "You will make a fine ice sculpture."
Fannar mumbles some strange words.
Fannar blinks!
Fannar moves out of view.
Fannar is nearby!
Fannar is nearby!
No target in view!
Throw: 6 darts (curare)
Press: ? - help, Q - select action, (/) - cycle Shift-Dir - straight line, f - Fannar
Aim: Fannar, wielding a +0 quarterstaff of freezing, wearing a +1 robe of cold resistance and wearing a ring of ice (40% to hit)
You throw a curare-tipped dart.
The curare-tipped dart completely misses Fannar.
Throw: 5 darts (curare)
Press: ? - help, Q - select action, (/) - cycle Shift-Dir - straight line, f/p - Fannar
Aim: Fannar, wielding a +0 quarterstaff of freezing, wearing a +1 robe of cold resistance and wearing a ring of ice (40% to hit)
You throw a curare-tipped dart. The curare-tipped dart hits Fannar.
Fannar is poisoned.
Fannar struggles to breathe.
Fannar seems to slow down.
Fannar is lightly wounded.
Fannar glares icily.
Fannar casts a spell.
Fannar drains the heat from the surrounding environment!
You hit Fannar but do no damage.
Fannar is lightly wounded.
You hit Fannar but do no damage.
Fannar is lightly wounded.
Fannar hits you with a +0 quarterstaff of freezing.
Fannar freezes you.
You barely miss Fannar.
Fannar is lightly wounded.
You slash Fannar!
You feel better.
Fannar is moderately wounded.
Fannar mumbles some strange words.
Fannar drains the heat from the surrounding environment!
You slice Fannar!!
Fannar is heavily wounded.
You block Fannar's attack.
You closely miss Fannar.
Fannar is heavily wounded.
You completely miss Fannar.
Fannar is heavily wounded.
Fannar hits you with a +0 quarterstaff of freezing.
Fannar freezes you.
You hit Fannar.
Fannar is heavily wounded.
Fannar hits you but does no damage.
You closely miss Fannar.
Fannar is heavily wounded.
You hit Fannar but do no damage.
Fannar is heavily wounded.
Fannar mumbles some strange words.
You hit Fannar.
You feel better.
Fannar is heavily wounded.
You closely miss Fannar.
Fannar is heavily wounded.
Fannar hits you but does no damage.
You hit Fannar.
Fannar is severely wounded.
You hit the ice beast but do no damage.
Fannar is no longer moving slowly.
The ice beast hits you but does no damage.
You miss Fannar.
Fannar is severely wounded.
You slash the ice beast! Fannar misses you. The ice beast barely misses you.
You barely miss Fannar.
Fannar is severely wounded.
You completely miss the ice beast. Fannar closely misses you.
The ice beast barely misses you.
You slash Fannar!
Fannar is severely wounded.
You hit the ice beast. You block Fannar's attack.
You hit Fannar.
Fannar is almost dead.
You slash the ice beast!
You kill the ice beast!
The ice beast disappears in a puff of smoke!
You block Fannar's attack.
You miss Fannar.
Fannar is almost dead.
Fannar looks more healthy.
Fannar mumbles some strange words.
Fannar blinks!
No target in view!
No target in view!
No target in view!
No target in view!
No target in view!
No target in view!
No target in view!
No target in view!
No target in view!
Fannar points at you and mumbles some strange words.
The bolt of cold hits you!
You see here a curare-tipped dart.
Fannar is nearby!
Fannar is nearby!
Fannar is nearby!
You slash Fannar!
You feel better.
Fannar is almost dead.
You closely miss Fannar.
Fannar is almost dead.
Fannar closely misses you.
You barely miss Fannar.
Fannar is almost dead.
Fannar mumbles some strange words.
Fannar blinks!
Found 18 gold pieces.
Fannar gestures wildly while chanting.
Fannar drains the heat from the surrounding environment!
Fannar gestures wildly while chanting.
Fannar drains the heat from the surrounding environment!
Fannar mumbles some strange words.
Fannar casts a spell.
Fannar drains the heat from the surrounding environment!
You slash Fannar!
You feel better.
You kill Fannar!
Makhleb accepts your kill.
The ice beast disappears in a puff of smoke!
No target in view!
No target in view!
Your pack is full.
Things that are here:
a +0 quarterstaff of freezing; a +1 robe of cold resistance; a ring of ice Your pack is full.
Things that are here:
a +0 quarterstaff of freezing; a +1 robe of cold resistance; a ring of ice Autopickup disabled for rings of ice.
You now have 1352 gold pieces (gained 18).
You now have 1377 gold pieces (gained 25).
Things that are here:
a +0 quarterstaff of freezing; a +1 robe of cold resistance; a ring of ice
B - 5 curare-tipped darts (gained 1)
An ogre comes into view. It is wielding a +0 giant club.
The ogre shouts!
The ogre completely misses you.
You closely miss the ogre. You hit the ogre.
The ogre is lightly wounded.
The ogre hits you with a +0 giant club.
You hit the ogre.
You feel better.
The ogre is moderately wounded.
The ogre barely misses you.
You slash the ogre!
The ogre is heavily wounded.
You slash the ogre!
You feel better.
You kill the ogre!
Makhleb accepts your kill.
No target in view!
No target in view!
No target in view!
No target in view!
No target in view!
No target in view!
No target in view!
You now have 1401 gold pieces (gained 24).
There is an escape hatch in the floor here.
You see here a +0 club.
Things that are here:
a +0 club; a +0 hand axe Key pressed, stopping explore.
The orc priest shouts!
There are monsters nearby!
There are monsters nearby!
There are monsters nearby!
The orc shouts!
An ogre comes into view. It is wielding a +0 giant spiked club.
The orc warrior shouts!
The ogre shouts!
The ogre moves out of view.
The orc priest hits you but does no damage.
The orc knight roars a battlecry!
The orcs go into a battle-frenzy!
The orc closely misses you.
You slice the orc priest!!
You kill the orc priest!
Makhleb accepts your kill.
The orc knight hits you from afar with a +2 halberd!
The orc warrior hits you from afar with a +0 halberd!
You block the orc's attack.
You slash the ogre!
You feel better.
The ogre is moderately wounded.
The ogre hits you with a +0 giant spiked club!
You block the orc knight's attack. The orc hits you but does no damage.
The orc warrior hits you from afar with a +0 halberd.
You barely miss the ogre.
The ogre is moderately wounded.
You block the orc knight's attack. You block the orc's attack.
The orc warrior hits you from afar with a +0 halberd.
The ogre attacks as it pursues you! You block the ogre's attack.
You start resting.
An ogre is nearby!
You hit the ogre.
You feel better.
The ogre is moderately wounded.
The ogre hits you with a +0 giant spiked club!
You slice the ogre!!
You feel better.
You kill the ogre!
Makhleb accepts your kill.
You completely miss the orc knight. You block the orc knight's attack.
You hit the orc knight but do no damage.
The orc knight hits you but does no damage.
You hit the orc knight but do no damage.
You hit the orc but do no damage. The orc barely misses you.
The orc knight hits you but does no damage.
You barely miss the orc knight. You closely miss the orc.
The orc barely misses you. The orc knight barely misses you.
You barely miss the orc knight. You slash the orc!
You feel better.
You kill the orc!
Makhleb accepts your kill.
You feel better.
You slash the orc knight!
The orc knight is lightly wounded.
You block the orc knight's attack.
You barely miss the orc knight.
The orc knight is lightly wounded.
The orc knight barely misses you.
You slash the orc knight!
The orc knight is heavily wounded.
The orc knight hits you but does no damage.
You slash the orc knight!
You feel better.
The orc knight is severely wounded.
The orc knight hits you but does no damage.
You slash the orc knight!
The orc knight is severely wounded.
You closely miss the orc knight.
The orc knight is severely wounded.
The orc knight completely misses you.
You slice the orc knight!!
You kill the orc knight!
Makhleb accepts your kill.
You hit the orc warrior.
The orc warrior is lightly wounded.
You block the orc warrior's attack.
You barely miss the orc warrior.
The orc warrior is lightly wounded.
You slash the orc warrior!
The orc warrior is heavily wounded.
The orc warrior closely misses you.
You slice the orc warrior!!
You kill the orc warrior!
Makhleb accepts your kill.
No target in view!
No target in view!
No target in view!
No target in view!
No target in view!
No target in view!
No target in view!
No target in view!
No target in view!
No target in view!
No target in view!
No target in view!
No target in view!
Items here: ))) [[ ††.
You now have 1430 gold pieces (gained 29).
Things that are here:
a +0 mace; a +0 ring mail; an orc corpse You now have 1441 gold pieces (gained 11).
You now have 1455 gold pieces (gained 14).
Done exploring.
Done exploring.
Done exploring.
Done exploring.
Things that are here:
a +0 mace; a +0 ring mail; an orc corpse
Items here: ))) [[ ††.
Things that are here:
a +0 club; a +0 hand axe
There is an escape hatch in the floor here.
You see here a +0 club.
There is a stone staircase leading down here.
You climb downwards.
The ogre shouts!
The orc warrior shouts!
The orc shouts! x2
The orc priest shouts!
The orc shouts!
The orc warrior shouts!
The orc shouts! x2
The orc priest shouts! x2; The orc wizard shouts!
The orc shouts!
You hear a shout! x3; You hear two shouts! x3; You hear a shout! x6
Found 57 gold pieces.
There is a stone staircase leading up here.
There are monsters nearby!
You hear two shouts!
The orc priest looks satisfied for a moment.
An orc wizard comes into view. It is wielding a +0 dagger.
An ogre comes into view. It is wielding a +0 giant spiked club.
You hear a shout! x3
The ogre shouts!
You hit the orc but do no damage. You barely miss the orc. You hit the orc.
The orc is severely wounded.
You slice the orc!!
You kill the orc!
Makhleb accepts your kill.
A two-headed ogre comes into view. It is wielding two +0 giant clubs.
An ogre mage comes into view. It is wielding a +0 spear.
You slash the orc priest!
The orc priest is heavily wounded.
You hit the orc warrior. You slash the orc!
You kill the orc!
Makhleb accepts your kill.
The orc priest calls upon Beogh to heal the orc.
The orc's wounds heal themselves!
The orc wizard gestures wildly while chanting.
The orc wizard flickers and vanishes for a moment.
An ogre mage comes into view. It is wielding a +0 whip.
You hear two shouts!
You hit the orc priest.
The orc priest is severely wounded.
You barely miss the orc warrior.
You hit the orc priest but do no damage.
You slash the orc warrior! You hit the orc priest.
You hear a shout!
You hear two shouts!
You hear a shout!
The orc priest hits you but does no damage.
A kobold blastminer comes into view.
An orc wizard comes into view. It is wielding a +0 dagger.
You block the orc warrior's attack. You block the orc priest's attack.
An ogre comes into view. It is wielding a +0 giant spiked club.
A two-headed ogre comes into view. It is wielding two +0 giant clubs.
An ogre comes into view. It is wielding a +0 giant spiked club.
The ogre mage points at something and mumbles some strange words.
The ogre shouts!
The two-headed ogre shouts in stereo!
The kobold blastminer shouts!
You slash the orc priest!
You kill the orc priest!
Makhleb accepts your kill.
You hit the orc warrior but do no damage.
You hit the orc priest. x2
You hit the orc warrior but do no damage.
You hear a shout! x4
The orc priest completely misses you. You block the orc warrior's attack.
An ogre comes into view. It is wielding a +0 giant club.
The orc warrior closely misses you.
A two-headed ogre comes into view.
It is wielding a +0 giant spiked club and a +0 giant club. x2
The two-headed ogre shouts in stereo!
The ogre shouts!
You hit the orc warrior but do no damage.
The orc warrior is moderately wounded.
You slash the orc wizard! You hit the orc but do no damage.
You hit the orc priest. You slash the orc priest! You hit the orc warrior.
You hear two shouts!
You hear a shout!
You slice the orc wizard!!
You kill the orc wizard!
Makhleb accepts your kill.
You slash the orc!
You kill the orc!
Makhleb accepts your kill.
You closely miss the orc priest. You hit the orc priest.
You barely miss the orc warrior.
You hit the orc warrior but do no damage.
The orc warrior hits you from afar with a +0 trident.
The orc priest barely misses you. The orc warrior barely misses you.
The orc warrior hits you but does no damage.
An ogre and a two-headed ogre come into view.
You slash the orc priest!
You feel better.
You kill the orc priest!
Makhleb accepts your kill.
You hit the ogre. You slash the orc priest! You slash the orc!
You kill the orc!
Makhleb accepts your kill.
You closely miss the orc. You closely miss the orc warrior. x2
An ogre comes into view. It is wielding a +0 giant spiked club.
The orc warrior hits you but does no damage.
You block the orc priest's attack.
The orc warrior hits you with a +0 battleaxe.
The orc closely misses you.
The kobold blastminer wields a +0 arbalest.
The kobold blastminer shoots a bolt.
The bolt hits you.
An orc comes into view. It is wielding a +0 trident.
The orc warrior hits you with a +0 flail!
You block the ogre's attack.
You hear a shout!
You closely miss the orc priest.
The orc priest is almost dead.
The ogre shouts!
You hit the orc.
You feel better.
You hit the orc warrior but do no damage.
You closely miss the orc warrior. You hit the ogre.
You feel better.
You hear a shout!
You hear two shouts!
You hear a shout!
You hear two shouts!
You hear a shout!
An orc warrior comes into view. It is wielding a +0 mace.
The orc priest calls upon Beogh to heal the orc.
The orc's wounds heal themselves!
The orc warrior barely misses you. The orc barely misses you.
A two-headed ogre comes into view.
It is wielding two +0 giant spiked clubs.
The orc warrior hits you with a +0 flail.
The orc warrior barely misses you.
A two-headed ogre comes into view.
It is wielding a +0 giant spiked club and a +0 giant club.
The kobold blastminer shoots a bolt.
The bolt barely misses you.
The bolt closely misses the orc wizard.
You hear a shout!
The two-headed ogre shouts in stereo!
The orc warrior shouts!
You slash the orc priest!
You kill the orc priest!
Makhleb accepts your kill.
You feel better.
You barely miss the ogre. You closely miss the orc. You slash the orc warrior!
You feel better.
You slash the orc warrior!
You feel better.
You hear a shout!
The ogre closely misses you.
The orc warrior hits you with a +0 battleaxe!
The orc warrior hits you with a +0 flail.
A two-headed ogre comes into view.
It is wielding a +0 great mace and a +0 giant spiked club.
The orc warrior misses you.
The kobold blastminer shoots a bolt.
The bolt closely misses you.
The bolt hits the orc!
The orc dies!
The orc warrior hits you but does no damage.
The orc barely misses you.
The orc warrior hits you with a +0 battleaxe.
The two-headed ogre hits you with a +0 giant club!!
You block the two-headed ogre's attack.
The orc warrior hits you but does no damage.
The ogre mage casts a spell.
The ogre mage flickers and vanishes for a moment.
You hear two shouts!
You climb upwards.
There is a stone staircase leading down here.
You completely miss the orc warrior.
The orc warrior is severely wounded.
You hit the two-headed ogre.
You feel better.
You barely miss the orc. You slash the ogre!
You feel better.
You closely miss the orc warrior.
The orc warrior hits you but does no damage.
You block the orc's attack.
The orc warrior hits you with a +0 battleaxe.
The ogre closely misses you.
You hit the orc warrior.
You kill the orc warrior!
Makhleb accepts your kill.
You feel better.
You slash the orc warrior!
You feel better.
You barely miss the two-headed ogre. You barely miss the orc.
You barely miss the ogre.
The two-headed ogre hits you with a +0 giant club.
You block the two-headed ogre's attack.
Training target 21.0 for Invocations reached!
Your Invocations skill increases to level 21!
You slice the orc warrior!!
You kill the orc warrior!
Makhleb accepts your kill.
You feel better.
You slash the two-headed ogre! You slash the orc!
You kill the orc!
Makhleb accepts your kill.
You feel better.
You slash the ogre!
You feel better.
The ogre hits you with a +0 giant spiked club!
You slash the ogre!
You feel better.
You kill the ogre!
Makhleb accepts your kill.
You feel better.
You slash the two-headed ogre!
You feel better.
The two-headed ogre completely misses you.
The two-headed ogre barely misses you.
You slash the two-headed ogre!
The two-headed ogre is severely wounded.
You completely miss the two-headed ogre.
The two-headed ogre is severely wounded.
You block the two-headed ogre's attack.
The two-headed ogre hits you but does no damage.
You slash the two-headed ogre!
You feel better.
The two-headed ogre is almost dead.
You barely miss the two-headed ogre.
The two-headed ogre is almost dead.
The two-headed ogre closely misses you.
The two-headed ogre hits you but does no damage.
You hit the two-headed ogre.
The two-headed ogre is almost dead.
You block the two-headed ogre's attack. The two-headed ogre closely misses you.
You slice the two-headed ogre!!
You kill the two-headed ogre!
Makhleb accepts your kill.
No target in view!
No target in view!
No target in view!
No target in view!
No target in view!
No target in view!
No target in view!
No target in view!
No target in view!
No target in view!
No target in view!
No target in view!
No target in view!
No target in view!
You climb downwards.
The ogre shouts!
The orc shouts!
You hear a shout! x4
The two-headed ogre hits you with a +0 giant club.
The two-headed ogre closely misses you. The two-headed ogre barely misses you.
The two-headed ogre hits you but does no damage.
The ogre hits you with a +0 giant spiked club!!
There is a stone staircase leading up, spattered with blood here.
You block the orc wizard's attack. The two-headed ogre closely misses you.
The two-headed ogre barely misses you. The ogre barely misses you.
You climb upwards.
There is a stone staircase leading down, spattered with blood here.
You slash the two-headed ogre!
You feel better.
The two-headed ogre is lightly wounded.
You slash the orc wizard!
You feel better.
You kill the orc wizard!
Makhleb accepts your kill.
You feel better.
You barely miss the two-headed ogre. You hit the ogre.
The two-headed ogre hits you with a +0 giant club!!
The two-headed ogre hits you with a +0 giant club.
You slash the two-headed ogre!
The two-headed ogre is moderately wounded.
You slash the two-headed ogre! You slash the ogre!
You feel better. The two-headed ogre barely misses you.
The two-headed ogre hits you with a +0 giant club!
The ogre hits you with a +0 giant spiked club.
You slash the two-headed ogre!
You feel better.
The two-headed ogre is heavily wounded.
You slash the ogre!
You feel better.
You barely miss the two-headed ogre.
The two-headed ogre hits you with a +0 giant club.
The two-headed ogre hits you but does no damage.
You barely miss the ogre.
The ogre is almost dead.
You slash the two-headed ogre!
You feel better.
You barely miss the two-headed ogre.
The two-headed ogre hits you with a +0 giant spiked club.
The two-headed ogre hits you with a +0 giant club!
The ogre closely misses you.
You closely miss the ogre.
The ogre is almost dead.
You slash the two-headed ogre!
You feel better.
You barely miss the two-headed ogre.
The two-headed ogre hits you with a +0 giant club!
You block the two-headed ogre's attack.
You slice the ogre!!
You feel better.
You kill the ogre!
Makhleb accepts your kill.
You slice the two-headed ogre!!
You feel better.
You hit the two-headed ogre but do no damage.
You block the two-headed ogre's attack. The two-headed ogre misses you.
You slice the two-headed ogre!!
You kill the two-headed ogre!
Makhleb accepts your kill.
You feel better.
You hit the two-headed ogre but do no damage.
You block the two-headed ogre's attack. x2
You slash the two-headed ogre!
You feel better.
The two-headed ogre is almost dead.
You hit the two-headed ogre but do no damage.
The two-headed ogre is almost dead.
You block the two-headed ogre's attack.
The two-headed ogre hits you but does no damage.
You closely miss the two-headed ogre.
The two-headed ogre is almost dead.
The two-headed ogre hits you with a +0 giant club.
The two-headed ogre misses you.
You barely miss the two-headed ogre.
The two-headed ogre is almost dead.
You hit the two-headed ogre.
You feel better.
The two-headed ogre is almost dead.
You block the two-headed ogre's attack. The two-headed ogre closely misses you.
You slash the two-headed ogre!
You kill the two-headed ogre!
Makhleb accepts your kill.
You feel better.
Your Fighting skill increases to level 11!
No target in view!
No target in view!
No target in view!
No target in view!
No target in view!
No target in view!
No target in view!
No target in view!
You climb downwards.
The ogre shouts!
The orc knight shouts!
You hear a shout!
The orc warrior hits you but does no damage.
The orc barely misses you. The ogre closely misses you. The orc misses you.
The ogre hits you with a +0 giant club!
A troll comes into view.
A two-headed ogre comes into view.
It is wielding a +0 giant club and a +0 giant spiked club.
The orc closely misses you.
An orc comes into view. It is wielding a +0 dagger.
The orc hits you with a +0 club.
An ogre comes into view. It is wielding a +0 giant club.
The troll bites you. You block the troll's attack. The troll barely misses you.
The kobold blastminer shoots a bolt.
The bolt barely misses you.
The bolt hits the orc!
The orc dies!
The two-headed ogre shouts in stereo!
There is a stone staircase leading up, spattered with blood here.
You hear a shout!
You hear two shouts!
You hear a bark!
The ogre closely misses you. The ogre hits you but does no damage.
The troll bites you but does no damage. The troll closely misses you.
The troll claws you but does no damage.
The orc warrior hits you with a +0 mace.
You block the orc's attack. x2
The ogre mage gestures wildly while chanting.
The ogre mage flickers and vanishes for a moment.
The kobold blastminer blasts its cannon at you.
The iron shot misses you.
The iron shot hits the ogre!!
You climb upwards.
There is a stone staircase leading down, spattered with blood here.
You closely miss the orc warrior. You hit the ogre. You slash the ogre!
You feel better.
You barely miss the orc. You hit the orc.
You feel better. The orc closely misses you. The ogre barely misses you.
The orc warrior hits you but does no damage.
The ogre barely misses you.
You slice the ogre!!
You feel better.
You kill the ogre!
Makhleb accepts your kill.
You hit the troll. You hit the orc. You slash the orc warrior!
You closely miss the ogre. You slash the orc warrior!
The orc warrior is almost dead.
You barely miss the ogre. You slash the troll! You hit the orc.
You kill the orc!
Makhleb accepts your kill. The orc warrior closely misses you.
The ogre hits you with a +0 giant club!
You hit the orc warrior but do no damage.
The orc warrior is almost dead.
You hit the ogre. You hit the troll. You slash the orc!
You feel better.
You kill the orc!
Makhleb accepts your kill.
You feel better. The troll bites you. The troll claws you.
The troll barely misses you.
The orc warrior hits you but does no damage.
You hit the orc warrior but do no damage.
The orc warrior is almost dead.
You hit the troll but do no damage. You hit the ogre.
You feel better. The troll bites you but does no damage.
You block the troll's attack. x2
The ogre hits you with a +0 giant club!
The orc warrior hits you but does no damage.
You hit the orc warrior but do no damage.
The orc warrior is almost dead.
You slash the troll!
You feel better.
You slash the ogre! The troll misses you.
The troll claws you but does no damage. x2
The orc warrior hits you but does no damage.
You slash the orc warrior!
You kill the orc warrior!
Makhleb accepts your kill.
You feel better.
You hit the troll.
You feel better.
You hit the ogre but do no damage. The ogre closely misses you.
Your Armour skill increases to level 11!
You barely miss the ogre.
The ogre is almost dead.
You barely miss the troll. The troll bites you. The troll barely misses you. x2
You slash the ogre!
You feel better.
You kill the ogre!
Makhleb accepts your kill.
You feel better.
You hit the troll.
You feel better. You block the troll's attack.
The troll claws you but does no damage. x2
You hit the troll but do no damage.
The troll is severely wounded.
You block the troll's attack. The troll misses you.
You block the troll's attack.
You slice the troll!!
You feel better.
You kill the troll!
Makhleb accepts your kill.
You feel better.
No target in view!
No target in view!
No target in view!
No target in view!
No target in view!
No target in view!
No target in view!
No target in view!
No target in view!
No target in view!
No target in view!
No target in view!
No target in view!
You climb downwards.
The two-headed ogre shouts in stereo!
The ogre mage shouts!
The orc shouts!
The orc warrior shouts!
You hear a shout! x3
An orc warrior comes into view. It is wielding a +0 long sword.
The orc hits you with a +0 falchion.
An orc warrior comes into view. It is wielding a +0 battleaxe.
The ogre closely misses you.
The ogre mage gestures at the ogre while chanting.
The ogre seems to speed up.
The two-headed ogre closely misses you. The two-headed ogre barely misses you.
The two-headed ogre completely misses you.
The two-headed ogre hits you with a +0 giant spiked club.
There is a stone staircase leading up, spattered with blood here.
The two-headed ogre barely misses you. The two-headed ogre closely misses you.
The orc barely misses you. The orc misses you.
The ogre mage gestures wildly while chanting.
The ogre mage flickers and vanishes for a moment.
The two-headed ogre hits you with a +0 giant club!
The two-headed ogre hits you with a +0 giant spiked club.
You block the ogre's attack. You block the two-headed ogre's attack.
The two-headed ogre hits you with a +0 giant club.
The kobold blastminer blasts its cannon at you.
The iron shot hits you!!
You hear a shout!
You climb upwards.
There is a stone staircase leading down, spattered with blood here.
You are too injured to fight recklessly!
You are too injured to fight recklessly!
You are too injured to fight recklessly!
You are too injured to fight recklessly!
You are too injured to fight recklessly!
You are too injured to fight recklessly!
You are too injured to fight recklessly!
You are too injured to fight recklessly!
You are too injured to fight recklessly!
You are too injured to fight recklessly!
You are too injured to fight recklessly!
You are too injured to fight recklessly!
You are too injured to fight recklessly!
You are too injured to fight recklessly!
You are too injured to fight recklessly!
You are too injured to fight recklessly!
You slice the ogre!!
You feel better.
You kill the ogre!
Makhleb accepts your kill.
You feel better.
You slash the two-headed ogre!
You feel better.
You slash the two-headed ogre!
You feel better.
You barely miss the kobold blastminer. You slash the orc!
You kill the orc!
Makhleb accepts your kill.
You feel better.
The two-headed ogre hits you but does no damage. x2
You miss the kobold blastminer. You hit the two-headed ogre.
You feel better.
You hit the two-headed ogre but do no damage.
The two-headed ogre hits you with a +0 giant spiked club!
The two-headed ogre closely misses you.
The kobold blastminer unwields a +0 arbalest.
The kobold blastminer hits you but does no damage.
You hit the two-headed ogre.
The two-headed ogre is moderately wounded.
You barely miss the kobold blastminer. You hit the two-headed ogre.
You slash the two-headed ogre! The two-headed ogre misses you.
The two-headed ogre hits you with a +0 giant club.
The two-headed ogre barely misses you.
The two-headed ogre hits you with a +0 giant spiked club!!
* * * LOW HITPOINT WARNING * * *
You closely miss the two-headed ogre.
The two-headed ogre is moderately wounded.
You closely miss the kobold blastminer. You barely miss the two-headed ogre.
You slash the two-headed ogre!
You feel better.
The kobold blastminer barely misses you.
The two-headed ogre hits you with a +0 giant spiked club!
* * * LOW HITPOINT WARNING * * *
You block the two-headed ogre's attack.
You slash the two-headed ogre!
You feel better.
The two-headed ogre is moderately wounded.
You hit the two-headed ogre.
You feel better.
You miss the kobold blastminer. You slash the two-headed ogre!
You feel better.
You block the kobold blastminer's attack.
The two-headed ogre hits you with a +0 giant club.
* * * LOW HITPOINT WARNING * * *
You block the two-headed ogre's attack.
The two-headed ogre hits you but does no damage.
The two-headed ogre barely misses you.
You slash the two-headed ogre!
You feel better.
The two-headed ogre is heavily wounded.
You slash the two-headed ogre! You slash the kobold blastminer!
You slash the two-headed ogre!
You feel better. You block the two-headed ogre's attack.
The two-headed ogre barely misses you.
The kobold blastminer blasts its cannon at you.
The iron shot misses you.
The iron shot hits the two-headed ogre!!
The kobold blastminer is knocked back by the blast.
You slice the two-headed ogre!!
You feel better.
The two-headed ogre is almost dead.
You hit the two-headed ogre.
You feel better.
You hit the two-headed ogre. The two-headed ogre misses you.
The two-headed ogre hits you with a +0 giant club!
* * * LOW HITPOINT WARNING * * *
The two-headed ogre closely misses you. You block the two-headed ogre's attack.
You barely miss the two-headed ogre.
The two-headed ogre is almost dead.
You closely miss the two-headed ogre. You slash the two-headed ogre!
The two-headed ogre hits you with a +0 giant spiked club!
* * * LOW HITPOINT WARNING * * *
The two-headed ogre barely misses you.
The kobold blastminer wields a +0 arbalest.
The kobold blastminer shoots a bolt.
You block the bolt.
You hit the two-headed ogre but do no damage.
The two-headed ogre is almost dead.
You hit the two-headed ogre.
You feel better.
You hit the two-headed ogre. You block the two-headed ogre's attack.
The two-headed ogre hits you with a +0 giant club!
* * * LOW HITPOINT WARNING * * *
The two-headed ogre barely misses you. x2
The two-headed ogre hits you with a +0 giant spiked club!!
* * * LOW HITPOINT WARNING * * *
The two-headed ogre closely misses you.
The kobold blastminer blasts its cannon at you.
You block the iron shot.
The kobold blastminer is knocked back by the blast.
As you read the scroll of fear, it crumbles to dust.
You assume a fearsome visage.
The kobold blastminer looks frightened!
The two-headed ogre easily resists. x2
The two-headed ogre resists with some effort.
The two-headed ogre hits you with a +0 giant spiked club.
* * * LOW HITPOINT WARNING * * *
The two-headed ogre barely misses you.
The two-headed ogre hits you with a +0 giant club.
* * * LOW HITPOINT WARNING * * *
The two-headed ogre hits you with a +0 giant spiked club!
You die...

#........#......).#...##..##....
##.##....#..##...))..##...#####.
#######....##.....#####..[#.#..
##..##....#...##.....###.
#..##....#...........###
#.###....##......##.....
###.....#####...###.....
#...O###.....###.....#
##.#O@)........##....#
####O[.....#.......##
##.....##....####
#..K.##.).#...###
#...#.#[=##...#..
####....[.#...... ####
##....###.....
##..####.....#.....#
#......#.........#.#


You could see 3 two-headed ogres and a kobold blastminer (fleeing).

Vanquished Creatures
  Kirke (Lair:5)
  Josephine (Orc:1)
  Fannar (Orc:1)
  2 catoblepae
  2 hydras
  6 boulder beetles
  Erica (D:8)
  7 two-headed ogres
  A thrashing horror (Gauntlet)
  A skyshark (Lair:5)
  An obsidian bat (Orc:1)
  2 orc knights (Orc:1)
  A necromancer (Gauntlet)
  A manticore (D:12)
  15 elephants
  8 black mambas
  Maurice (Orc:1)
  11 cane toads
  2 gargoyles
  A torpor snail (Lair:2)
  A rime drake (Lair:3)
  An unseen horror (D:11)
  A kobold demonologist (D:11)
  11 komodo dragons
  6 polar bears
  3 hornets (Lair:5)
  2 trolls
  A jumping spider (Lair:3)
  4 blink frogs
  10 dream sheep
  5 slime creatures
  2 shadows (D:12)
  6 hogs (Lair:5)
  19 spriggans
  5 wraiths
  42 yaks
  A wyvern (D:11)
  A vampire (D:11)
  3 vampire mosquitoes
  2 wargs (Orc:1)
  3 steam dragons
  4 basilisks
  4 redbacks
  2 acid dragons
  9 water moccasins
  An ice beast (D:7)
  2 sky beasts (D:7)
  15 orc warriors
  3 black bears
  39 wolves
  17 ogres
  4 boggarts (Lair:5)
  3 centaurs
  2 small abominations (Gauntlet)
  8 kobold brigands
  3 phantoms
  12 bullfrogs
  2 gnoll sergeants
  6 killer bees
  6 howler monkeys
  2 gnoll boudas
  4 hounds
  2 bombardier beetles
  2 jellies
  14 orc priests
  3 iguanas
  18 orc wizards
  21 gnolls
  12 adders
  5 river rats
  A shadow imp (D:5)
  3 ribbon worms
  5 dart slugs
  65 orcs
  6 bats
  9 endoplasms
  7 giant cockroaches
  9 goblins
  6 hobgoblins
  5 jackals
  38 kobolds
  4 quokkas
  16 ball pythons
  3 frilled lizards
  22 rats
619 creatures vanquished.

Vanquished Creatures (collateral kills)
  A minotaur (Gauntlet)
  A hydra (Lair:3)
  Nergalle (Lair:3)
  2 elephants (Lair:1)
  A black mamba (Lair:1)
  A komodo dragon (Lair:1)
  3 blink frogs (Lair:1)
  A yak (Lair:1)
  2 bullfrogs (Lair:1)
  A killer bee (D:9)
  An orc priest (D:9)
  3 kobolds (Sewer)
18 creatures vanquished.

Vanquished Creatures (others)
  2 orc warriors
  A kobold brigand (Sewer)
  3 orcs
6 creatures vanquished.

Grand Total: 643 creatures vanquished

Notes
Turn   | Place    | Note
-------+----------+-------------------------------------------
     0 | D:1      | sleeves the Mountain Dwarf Gladiator began the quest for
                  | the Orb.
     0 | D:1      | Reached XP level 1. HP: 17/17 MP: 1/1
    64 | D:1      | Reached skill level 4 in Axes
    97 | D:1      | Reached XP level 2. HP: 24/24 MP: 2/2
   274 | D:1      | Reached skill level 5 in Axes
   311 | D:1      | Reached XP level 3. HP: 22/29 MP: 3/3
   479 | D:1      | Found a faded altar of an unknown god.
   584 | D:1      | Prayed at the altar of an unknown god.
   584 | D:1      | Became a worshipper of Makhleb the Destroyer
   584 | D:1      | Reached * piety under Makhleb
   680 | D:2      | Reached skill level 1 in Invocations
   728 | D:2      | Reached XP level 4. HP: 24/36 MP: 5/5
  1057 | D:3      | Reached skill level 2 in Invocations
  1135 | D:3      | Reached ** piety under Makhleb
  1320 | D:3      | Reached skill level 6 in Axes
  1526 | D:3      | Found a sparkling altar of Nemelex Xobeh.
  1575 | D:3      | Found a faded altar of an unknown god.
  1591 | D:3      | HP: 18/36 [orc wizard/+3 dagger (4)]
  1598 | D:3      | Reached skill level 3 in Invocations
  1598 | D:3      | Reached XP level 5. HP: 23/41 MP: 7/7
  1666 | D:3      | Found a basalt altar of Yredelemnul.
  1959 | D:4      | Reached skill level 4 in Invocations
  2024 | D:4      | Found an opulent altar of Gozag.
  2200 | D:4      | Noticed an ogre
  2202 | D:4      | HP: 17/41 [ogre/+0 giant club (24)]
  2455 | D:3      | HP: 17/41 [gnoll/+0 flail[a gnoll bouda] (8)]
  2679 | D:4      | Killed an ogre
  2680 | D:4      | Reached skill level 7 in Axes
  2680 | D:4      | Reached XP level 6. HP: 46/48 MP: 9/9
  2723 | D:4      | Reached skill level 5 in Invocations
  2739 | D:4      | HP: 23/48 [gnoll/+1 heavy flail (13)]
  2886 | D:4      | Noticed a water moccasin
  2899 | D:4      | HP: 24/48 [poisoned by a water moccasin]
  3014 | D:4      | Killed a water moccasin
  3015 | D:4      | Reached XP level 7. HP: 34/55 MP: 11/11
  3021 | D:4      | HP: 27/55 [poisoned by a water moccasin]
  3163 | D:4      | Reached skill level 6 in Invocations
  3448 | D:4      | Reached skill level 8 in Axes
  3603 | D:4      | HP: 27/55 [burnt (4)]
  3775 | D:4      | Found a snail-covered altar of Cheibriados.
  3858 | D:5      | Entered Level 5 of the Dungeon
  4011 | D:5      | Found a glowing drain.
  4015 | Sewer    | Entered a sewer
  4064 | Sewer    | Reached skill level 7 in Invocations
  4136 | Sewer    | Reached *** piety under Makhleb
  4200 | Sewer    | Reached skill level 9 in Axes
  4437 | Sewer    | Reached XP level 8. HP: 48/61 MP: 13/13
  4897 | D:5      | Found a hazy altar of Hepliaklqana.
  4898 | D:5      | Found a glowing silver altar of Zin.
  5195 | D:5      | Found a glowing golden altar of the Shining One.
  5237 | D:5      | Reached skill level 8 in Invocations
  5284 | D:5      | Reached **** piety under Makhleb
  5457 | D:5      | Found Liboxip's Fire Supplies.
  5488 | D:5      | Found a staircase to the Ecumenical Temple.
  5820 | D:6      | Reached skill level 10 in Axes
  5820 | D:6      | Reached skill level 9 in Invocations
  5928 | D:6      | HP: 20/61 [orc warrior/+0 scimitar (18)]
  5933 | D:6      | HP: 14/61 [poisoned by an orc warrior]
  6005 | D:6      | HP: 28/61 [gnoll/+1 whip of draining (4)]
  6010 | D:5      | HP: 22/55 [dart slug/slug dart (3)]
  6137 | D:6      | HP: 26/56 [gnoll/+0 halberd (9)]
  6143 | D:6      | HP: 13/56 [gnoll/+0 flail (6)]
  6144 | D:6      | HP: 5/56 [gnoll/+0 flail (9)]
  6815 | D:7      | HP: 27/61 [orc warrior/+0 mace (6)]
  6817 | D:7      | HP: 13/61 [orc warrior/+0 mace (5)]
  6830 | D:7      | Reached skill level 10 in Invocations
  7129 | D:7      | Reached skill level 11 in Axes
  7129 | D:7      | Reached XP level 9. HP: 66/67 MP: 16/16
  7427 | D:7      | Reached skill level 11 in Invocations
  7553 | D:7      | Found a sacrificial altar of Ru.
  7966 | D:8      | Noticed Erica
  7979 | D:8      | Killed Erica
  7980 | D:8      | Reached skill level 3 in Fighting
  7980 | D:8      | Reached skill level 12 in Axes
  7980 | D:8      | Reached skill level 3 in Armour
  7982 | D:8      | Reached ***** piety under Makhleb
  8018 | D:8      | Reached skill level 12 in Invocations
  8206 | D:8      | Reached skill level 4 in Fighting
  8206 | D:8      | Reached skill level 4 in Armour
  8255 | D:8      | Found a staircase to the Lair.
  8319 | D:8      | Noticed a two-headed ogre
  8364 | D:8      | Killed a two-headed ogre
  8365 | D:8      | Reached XP level 10. HP: 80/80 MP: 19/19
  8674 | D:9      | HP: 34/80 [vampire mosquito (9)]
  8692 | D:9      | Reached skill level 5 in Fighting
  8694 | D:9      | Reached skill level 5 in Armour
  8961 | D:9      | Identified the +2 dagger "Riniwiwk" {antimagic, rF+}
  9070 | D:9      | Reached skill level 1 in Shields
  9311 | D:10     | Entered Level 10 of the Dungeon
  9440 | D:10     | Reached skill level 2 in Shields
  9452 | D:10     | Reached skill level 13 in Invocations
  9478 | D:10     | Found a flagged portal.
  9495 | Bailey   | Entered a bailey
  9545 | Bailey   | Reached skill level 6 in Fighting
  9554 | Bailey   | Reached skill level 6 in Armour
  9574 | Bailey   | HP: 39/83 [ogre/+0 halberd (13)]
  9580 | Bailey   | Reached skill level 3 in Shields
  9588 | Bailey   | HP: 38/83 [spriggan/+0 spear (4)]
  9674 | Bailey   | Noticed a two-headed ogre
  9686 | Bailey   | Killed a two-headed ogre
  9718 | Bailey   | Reached XP level 11. HP: 83/91 MP: 21/21
  9764 | Bailey   | Identified the +1 swamp dragon scales "Galatsuf" {rElec
                  | rPois rCorr}
  9930 | D:10     | Reached skill level 4 in Shields
  9962 | D:10     | Found a radiant altar of Vehumet.
 10047 | D:10     | Reached skill level 7 in Fighting
 10047 | D:10     | Reached skill level 7 in Armour
 10102 | D:10     | Found a runed translucent door.
 10119 | D:10     | Found a runed translucent door.
 10141 | D:10     | Noticed a two-headed ogre
 10151 | D:10     | HP: 27/92 [two-headed ogre/+0 giant spiked club (29)]
 10151 | D:10     | HP: 12/92 [two-headed ogre/+0 giant spiked club (15)]
 10171 | D:10     | HP: 31/92 [hobgoblin/+0 spear (4)]
 10178 | D:10     | Killed a two-headed ogre
 10262 | D:10     | Found a runed translucent door.
 10274 | D:10     | Found a runed translucent door.
 10544 | D:11     | Identified the +9 whip of the Pits of Slime {heavy, Int+2}
 10566 | D:11     | Found a runed translucent gate.
 10566 | D:11     | Found a runed translucent gate.
 10566 | D:11     | Found a runed translucent gate.
 10568 | D:11     | Noticed Watselic's ghost (journeyman TeRe)
 10621 | D:11     | Reached skill level 14 in Invocations
 10627 | D:11     | Reached skill level 5 in Shields
 10655 | D:11     | Noticed a two-headed ogre
 10663 | D:11     | HP: 41/92 [two-headed ogre/+0 giant club (26)]
 10664 | D:11     | Killed a two-headed ogre
 11052 | D:11     | Reached skill level 8 in Fighting
 11052 | D:11     | Reached skill level 8 in Armour
 11103 | D:11     | Reached skill level 6 in Shields
 11545 | D:12     | Identified the +1 flail "Lacertilianbane" {venom, *Noise
                  | Will++ Str+3}
 11643 | D:12     | Noticed a boulder beetle
 11686 | D:12     | Noticed a boulder beetle
 11731 | D:11     | Killed a boulder beetle
 11849 | D:12     | Killed a boulder beetle
 11850 | D:12     | Reached skill level 9 in Fighting
 11850 | D:12     | Reached skill level 9 in Armour
 11874 | D:12     | Noticed a boulder beetle
 11892 | D:12     | Noticed a boulder beetle
 12013 | D:12     | Noticed a boulder beetle
 12065 | D:12     | Reached XP level 12. HP: 105/105 MP: 22/22
 12084 | D:12     | Killed a boulder beetle
 12211 | D:12     | Killed a boulder beetle
 12212 | D:12     | Reached skill level 10 in Fighting
 12212 | D:12     | Reached skill level 10 in Armour
 12407 | D:12     | Found a staircase to the Orcish Mines.
 12546 | Lair:1   | Entered Level 1 of the Lair of Beasts
 12717 | Lair:1   | Reached skill level 13 in Axes
 12717 | Lair:1   | Reached skill level 15 in Invocations
 12796 | Lair:1   | Identified the +6 ring mail of Bontal {+Blink rF- Stlth+}
 12880 | Lair:1   | Found a runed translucent door.
 12881 | Lair:1   | Noticed ratmeat3's ghost (journeyman OpFi)
 13225 | Lair:2   | Noticed a boulder beetle
 13266 | Lair:1   | Killed a boulder beetle
 13407 | Lair:2   | Reached skill level 14 in Axes
 13407 | Lair:2   | Reached skill level 16 in Invocations
 13466 | Lair:2   | HP: 45/106 [black mamba (13)]
 13578 | Lair:2   | Noticed a seven-headed hydra
 13586 | Lair:2   | Killed a seven-headed hydra
 13763 | Lair:2   | Reached XP level 13. HP: 107/113 MP: 25/25
 14061 | Lair:3   | Found a staircase to the Swamp.
 14078 | Lair:3   | Reached skill level 15 in Axes
 14107 | Lair:3   | Found a transporter.
 14116 | Lair:3   | HP: 52/113 [cane toad (11)]
 14150 | Lair:3   | Found a transporter.
 14276 | Lair:3   | Noticed wally255's ghost (journeyman TrFi)
 14342 | Lair:3   | Noticed Nergalle
 14346 | Lair:3   | Reached ****** piety under Makhleb
 14352 | Lair:3   | Reached skill level 16 in Axes
 14355 | Lair:3   | Killed Nergalle
 14358 | Lair:3   | HP: 46/111 [eight-headed hydra (13)]
 14358 | Lair:3   | HP: 17/111 [eight-headed hydra (11)]
 14484 | Lair:3   | You are sucked into a shaft and drop 2 floors!
 14484 | Lair:5   | Entered Level 5 of the Lair of Beasts
 14509 | Lair:5   | HP: 46/113 [komodo dragon (18)]
 14758 | Lair:4   | Reached skill level 17 in Invocations
 14889 | Lair:4   | Found a gate leading to a gauntlet.
 14922 | Gauntlet | Entered a Gauntlet
 14922 | Gauntlet | Found a transporter.
 14922 | Gauntlet | Found a runed translucent door.
 14922 | Gauntlet | Found a transporter.
 14933 | Gauntlet | Found a transporter.
 14937 | Gauntlet | Found a transporter.
 14945 | Gauntlet | Found a transporter.
 14950 | Gauntlet | Found a transporter.
 14958 | Gauntlet | Found a transporter.
 14978 | Gauntlet | Found a transporter.
 14996 | Gauntlet | Found a transporter.
 15000 | Gauntlet | Found a transporter.
 15008 | Gauntlet | Found a transporter.
 15012 | Gauntlet | Found a transporter.
 15016 | Gauntlet | Found a runed translucent door.
 15365 | Gauntlet | Noticed a minotaur
 15378 | Gauntlet | HP: 48/113 [minotaur/+0 heavy great mace (19)]
 15379 | Gauntlet | Killed a minotaur
 15380 | Gauntlet | Reached skill level 18 in Invocations
 15489 | Lair:3   | Found a hole to the Spider Nest.
 15714 | Lair:3   | Reached skill level 19 in Invocations
 16419 | Lair:4   | Found a viscous altar of Jiyva.
 16925 | Lair:5   | Reached XP level 14. HP: 121/121 MP: 27/27
 17012 | Lair:5   | Reached skill level 20 in Invocations
 17422 | Lair:5   | Noticed Kirke
 17451 | Lair:5   | Killed Kirke
 17451 | Lair:5   | HP: 54/121 [shot self (14)]
 17709 | Lair:5   | HP: 61/122 [spriggan rider/+0 spear (10)]
 17711 | Lair:5   | HP: 18/122 [spriggan rider/+0 spear (14)]
 17859 | Lair:5   | Reached skill level 3 in Dodging
 18248 | Lair:5   | Reached skill level 7 in Shields
 18551 | Orc:1    | Entered Level 1 of the Orcish Mines
 18596 | Orc:1    | Noticed Maurice
 18610 | Orc:1    | Maurice stole a ring of flight
 18624 | Orc:1    | Killed Maurice
 18701 | Orc:1    | Noticed Josephine
 18711 | Orc:1    | Killed Josephine
 18808 | Orc:1    | HP: 56/122 [orc warrior/+0 halberd[an orc knight] (13)]
 18814 | Orc:1    | HP: 50/122 [orc priest/divine providence[an orc knight]
                  | (13)]
 19167 | Orc:1    | Noticed Fannar
 19201 | Orc:1    | Killed Fannar
 19532 | Orc:2    | Entered Level 2 of the Orcish Mines
 19548 | Orc:1    | Reached skill level 21 in Invocations
 19573 | Orc:1    | Reached skill level 11 in Fighting
 19584 | Orc:1    | Reached skill level 11 in Armour
 19594 | Orc:1    | HP: 48/124 [two-headed ogre/+0 giant club (23)]
 19599 | Orc:1    | HP: 44/124 [two-headed ogre/+0 giant spiked club (17)]
 19600 | Orc:1    | HP: 11/124 [two-headed ogre/+0 giant spiked club (22)]
 19601 | Orc:1    | HP: 4/124 [two-headed ogre/+0 giant club (5)]
 19601 | Orc:1    | Slain by a two-headed ogre

Illustrated notes

Levels and vault maps discovered:
D:1:      dpeg_arrival_short_road, layout_rooms,
          shapermc_ecumenical_altar_flowoftime
D:2:      layout_rooms
D:3:      layout_basic, nicolae_overflow_ecumenical_swirl,
          mainiacjoe_overflow_alcove_4, minmay_close_crescents
D:4:      layout_basic, nicolae_gozag_cash_rules_everything_around_me,
          kennysheep_slug_shrine
D:5:      layout_loops_corners, tso_altar, mainiacjoe_overflow_divided_tiny,
          temple_statues, gup_sewer_entry_bowl, nicolae_shop_fire_sale
          [nicolae_sub_dead_trees], minmay_misc_feat_ornament, amethyst_killhole
D:6:      dreamdust_elfheim, layout_rooms
D:7:      minmay_angry_zag, layout_loops_ring, nicolae_ru_awakened_eye
D:8:      layout_rooms, lair_entry_dummy, kennysheep_crisscross, uniq_erica
D:9:      layout_loops_ring, minmay_starry_boxes
D:10:     layout_rooms, mainiacjoe_overflow_catwalk, enter_bailey_4,
          minmay_statue_crystal_thing
D:11:     layout_basic, gammafunk_ghost_spectres
D:12:     layout_roguey, david_orc_2, serial_park_tiny_2, st_stairs_12,
          minivault_22
D:13:     minmay_smoke_and_mirrors, layout_gridville, erik_vaults_1
Lair:1:   layout_hall_layers, ebering_ghost_reflecting_pool
Lair:2:   layout_gridlike
Lair:3:   layout_cave_shapes, swamp_mist, spider_nest_entry_a,
          nzn_ghost_randoct, fungi_pond_lemuel, uniq_nergalle
Lair:4:   layout_regular_city, minmay_slime_entry_oklob_enclosed,
          gauntlet_entry_generic
Lair:5:   minmay_lair_end_enchanted_forest, layout_cave_shapes, uniq_kirke
Orc:1:    layout_diamond_mine, uniq_maurice, uniq_josephine, uniq_fannar
Orc:2:    st_orc_ogre_mass, layout_caves, serial_shops, shop, uniq_snorg,
          uniq_azrael

Skill      XL: |  1  2  3  4  5  6  7  8  9 10 11 12 13 14 |
---------------+-------------------------------------------+-----
Axes           | 4 5 6 7 9 11 12 14 16 | 16.0
Invocations    | 1 3 4 5 7 10 12 13 14 16 19 21 | 21.0
Fighting       | 4 6 9 10 11 | 11.0
Armour         | 4 6 9 10 11 | 11.0
Shields        | 3 6 7 |  7.7
Dodging        | 3 |  3.9
Throwing       | |  1.5

Action                     |  1- 3 |  4- 6 |  7- 9 | 10-12 | 13-15 || total
---------------------------+-------+-------+-------+-------+-------++-------
  Melee: War axe           |   107 |   196 |   381 |   128 |       ||   812
         Broad axe         |       |       |       |   469 |  1077 ||  1546
         Whip              |       |       |       |    51 |       ||    51
         Scimitar          |       |       |       |       |     8 ||     8
         Unarmed           |       |       |       |       |     2 ||     2
  Throw: Throwing net      |       |     8 |     1 |     2 |       ||    11
         Dart              |       |       |       |       |     2 ||     2
 Invoke: Minor Destruction |       |    10 |   100 |   205 |    13 ||   328
         Lesser Servant of |       |       |       |     1 |       ||     1
         Major Destruction |       |       |       |     5 |       ||     5
         Greater Servant o |       |       |       |     1 |     2 ||     3
  Evoke: Wand              |       |     2 |    12 |     8 |     2 ||    24
    Use: Scroll            |       |       |     6 |     6 |    17 ||    29
   Stab: Distracted        |       |       |       |     3 |       ||     3
 Armour: Leather armour    |     3 |       |       |       |       ||     3
         Scale mail        |    80 |   179 |   264 |       |       ||   523
         Steam dragon scal |       |       |       |   129 |       ||   129
         Swamp dragon scal |       |       |       |   451 |  1042 ||  1493
         Skin              |       |       |       |       |     6 ||     6
  Dodge: Dodged            |    63 |    90 |   169 |   337 |   584 ||  1243
  Block: Buckler           |       |       |       |   138 |   328 ||   466

Table legend: (Time is in decaauts)
 A = Elapsed time spent in this place.
 B = Non-inter-level travel time spent in this place.
 C = Inter-level travel time spent in this place.
 D = Time resting spent in this place.
 E = Time spent auto-exploring this place.
 F = Levels seen in this place.
 G = Mean time per level.
                   A        B        C        D        E       F      G
               +--------+--------+--------+--------+--------+-----+--------+
         Total |  19563 |  18083 |   1480 |   1418 |  11564 |  23 |  850.6 |
       Dungeon |  11752 |  10758 |    994 |   1049 |   7020 |  13 |  904.0 |
          Lair |   5371 |   4989 |    382 |    273 |   3274 |   5 | 1074.2 |
  Orcish Mines |    937 |    834 |    103 |      4 |    494 |   2 |  468.5 |
         Sewer |    708 |    708 |      0 |      0 |    505 |   1 |  708.0 |
        Bailey |    334 |    334 |      0 |     43 |    117 |   1 |  334.0 |
      Gauntlet |    460 |    460 |      0 |     48 |    153 |   1 |  460.0 |
               +--------+--------+--------+--------+--------+-----+--------+

Top non-repeatable levels by time:
  Lair:5: 1739 daAuts
     D:3: 1542 daAuts
     D:5: 1527 daAuts
     D:4: 1319 daAuts
    D:11: 1238 daAuts
  Lair:4: 1151 daAuts
     D:7: 1077 daAuts
  Lair:3: 943 daAuts
   Orc:1: 918 daAuts
    D:10: 864 daAuts
  Lair:2: 845 daAuts
    D:12: 842 daAuts
     D:9: 839 daAuts
     D:8: 761 daAuts
   Sewer: 708 daAuts
